 Dungeon Crawl Stone Soup version 0.32-a0-876-gcfddb08e57 (webtiles) character file.

Game seed: 2809550350591114132

707 Autsider the Conjurer (level 7, -1/36 HPs)
             Began as a Deep Elf Hedge Wizard on Apr 1, 2024.
             Slain by a hound (4 damage)
             ... on level 5 of the Dungeon.
             The game lasted 00:13:40 (5705 turns).

Autsider the Conjurer (Deep Elf Hedge Wizard)       Turns: 5705, Time: 00:13:41

Health: -1/36      AC:  4    Str:  7    XL:     7   Next: 39%
Magic:  2/15       EV: 11    Int: 21    God:
Gold:   54         SH:  0    Dex: 14    Spells: 8/14 levels left

rFire   . . .        (no weapon)
rCold   . . .        (no shield)
rNeg    + . .        b - +0 robe
rPois   .            c - +0 hat
rElec   .            e - +0 cloak
rCorr   .            p - +0 pair of gloves
SInv    .            (no boots)
Will    .....        (no amulet)
Stlth   ++           j - ring of positive energy
HPRegen 0.26/turn    (no ring)
MPRegen 0.14/turn

%: no passive effects
@: no status effects
A: no striking features
a: no special abilities


You were on level 5 of the Dungeon.
You visited 1 branch of the dungeon, and saw 5 of its levels.

You collected 150 gold pieces.
You spent 96 gold pieces at shops.

Inventory:

Missiles
 n - a throwing net
Armour
 b - a +0 robe (worn)
 c - a +0 hat (worn)
 e - a +0 cloak (worn)
 p - a +0 pair of gloves (worn)
Magical Staves
 q - a staff of cold {!a}
Jewellery
 j - a ring of positive energy (left hand)
Scrolls
 d - a scroll of teleportation
 m - a scroll of poison
 r - a scroll of identify
 s - a scroll of immolation
 t - a scroll of torment
Potions
 a - a potion of brilliance {unknown}
 f - a potion of mutation
 g - a potion of invisibility {unknown}
 h - 4 potions of curing
 i - 2 potions of cancellation {unknown}
 k - a potion of haste {unknown}
 l - 2 potions of attraction
 o - 2 potions of heal wounds


   Skills:
 - Level 2.4 Dodging
 - Level 2.4 Stealth
 - Level 4.4 Spellcasting
 * Level 6.2 Conjurations
 + Level 4.4 Summonings
 - Level 1.1 Translocations
 - Level 3.0 Air Magic
 - Level 3.0 Alchemy


You had 8 spell levels left.
You knew the following spells:

 Your Spells              Type           Power      Damage    Failure   Level
a - Magic Dart            Conj           100%       1d8       1%          1
b - Mephitic Cloud        Conj/Alch/Air  21%        N/A       6%          3
A - Call Imp              Summ           46%        N/A       2%          2

Your spell library contained the following spells:

 Spells                   Type           Power      Damage    Failure   Level
 Summon Small Mammal      Summ           92%        N/A       1%          1
 Call Canine Familiar     Summ           23%        N/A       5%          3
 Cigotuvi's Dreadful Rot  Necr/Alch/Air  26%        N/A       8%          2
 Hailstorm                Conj/Ice       17%        3d6       10%         3
 Stone Arrow              Conj/Erth      34%        3d9       10%         3
 Blink                    Tloc           18%        N/A       11%         2
 Freeze                   Ice            16%        1d4       12%         1
 Sandblast                Erth           8%         2d5       12%         1
 Slow                     Hex            16%        N/A       12%         1
 Ensorcelled Hibernation  Hex/Ice        8%         N/A       17%         2
 Brom's Barrelling Bould  Conj/Erth      17%        2d4       32%         4
 Frozen Ramparts          Ice            8%         1d2       34%         3
 Fugue of the Fallen      Necr           4%         N/A       34%         3
 Summon Blazeheart Golem  Fire/Summ      13%        N/A       43%         4
 Anguish                  Hex/Necr       2%         N/A       75%         4


Dungeon Overview and Level Annotations

Branches:
Dungeon (5/15)
 Temple: D:4-7

Altars:
The Shining One

Shops:
D:3 [:!*   D:4 (


Message History

Your cerulean imp hits the black bear with a -2 spear.
Casting: Magic Dart (safe; 1% risk of failure)
Confirm with . or Enter, or press ? or * to list all spells.
You don't have enough magic to cast this spell.
The black bear bites your cerulean imp. The black bear claws your cerulean imp.
The black bear barely misses your cerulean imp.
Your cerulean imp hits the black bear with a -2 spear.
The black bear closely misses your cerulean imp.
The black bear claws your cerulean imp.
The black bear closely misses your cerulean imp.
The black bear bites your cerulean imp. The black bear claws your cerulean imp.
Your cerulean imp dies!
Your cerulean imp disappears in a puff of smoke!
Casting: Magic Dart (safe; 1% risk of failure)
Confirm with . or Enter, or press ? or * to list all spells.
You don't have enough magic to cast this spell.
Okay, then.
Unknown command.
Casting: Magic Dart (safe; 1% risk of failure)
Confirm with . or Enter, or press ? or * to list all spells.
Aiming: Magic Dart (safe; 1% risk of failure)
Press: ? - help, Shift-Dir - straight line, f/p - black bear
Aim: a black bear (almost dead, berserk, 100% to hit)
The magic dart hits the black bear.
You kill the black bear!
Your Conjurations skill increases to level 6!
The hound bites you.
* * * LOW HITPOINT WARNING * * *
The hound barely misses you.
The hound stops to sniff the ground.
The hound barely misses you. The hound attacks as it pursues you!
The hound closely misses you. The hound bites you.
* * * LOW HITPOINT WARNING * * *
The hound attacks as it pursues you! The hound completely misses you.
The hound bites you.
* * * LOW HITPOINT WARNING * * *
There is a stone staircase leading up here.
The hound bites you.
You die...

........##..........#..
........##...........
.....................
.........#.......###.
...<....##...........
........##.).........
........##.#...###...
........##รท#h### .#.
........#..#@# #
#########.##.#
##.......##.#
#.......###.#
.........##.#
.........##.#
#............#
#..........###
#.........##


You could see a hound.

Vanquished Creatures
  A black bear (D:5)
  A phantom (D:5)
  Blork the orc (D:4)
  A jelly (D:5)
  A hound (D:4)
  An orc wizard (D:4)
  A sleepcap (D:5)
  2 gnolls (D:2)
  9 adders
  A white imp (D:4)
  5 dart slugs
  A ribbon worm (D:4)
  11 orcs
  6 endoplasms
  2 giant cockroaches
  6 goblins
  4 hobgoblins
  9 jackals
  5 quokkas
  11 ball pythons
  4 bats
  5 frilled lizards
  9 kobolds
  7 rats
104 creatures vanquished.

Vanquished Creatures (collateral kills)
  A water moccasin (D:5)
  2 gnolls (D:2)
  An adder (D:3)
  A river rat (D:4)
  A jackal (D:2)
  A quokka (D:4)
  2 bats
  A kobold (D:4)
  3 rats
13 creatures vanquished.

Grand Total: 117 creatures vanquished

Notes
Turn   | Place    | Note
-------+----------+-------------------------------------------
     0 | D:1      | Autsider the Deep Elf Hedge Wizard began the quest for the
                  | Orb.
     0 | D:1      | Reached XP level 1. HP: 10/10 MP: 7/7
   256 | D:1      | Reached XP level 2. HP: 13/15 MP: 0/9
   268 | D:1      | Learned a level 2 spell: Call Imp
   530 | D:1      | Reached skill level 2 in Conjurations
   601 | D:1      | Reached skill level 1 in Air Magic
   650 | D:1      | Reached skill level 1 in Alchemy
  1063 | D:1      | Reached XP level 3. HP: 19/19 MP: 6/10
  1740 | D:2      | Reached XP level 4. HP: 24/24 MP: 7/12
  1799 | D:2      | Reached skill level 3 in Conjurations
  2628 | D:3      | Found Dunafeop's Book Boutique.
  2653 | D:3      | Found a glowing golden altar of the Shining One.
  2829 | D:3      | Found Goqucs's Armour Emporium.
  2943 | D:3      | Learned a level 3 spell: Mephitic Cloud
  3100 | D:3      | Reached XP level 5. HP: 28/28 MP: 6/13
  3164 | D:3      | Found Cuos's Distillery.
  3170 | D:3      | Bought a potion of heal wounds for 60 gold pieces
  3170 | D:3      | Bought a potion of curing for 36 gold pieces
  3653 | D:3      | Found Duplym's General Store.
  3889 | D:4      | Noticed Blork the orc
  3903 | D:4      | Killed Blork the orc
  3904 | D:4      | Reached skill level 4 in Conjurations
  4378 | D:4      | Reached XP level 6. HP: 32/32 MP: 11/14
  4569 | D:4      | Found a glowing drain.
  4942 | D:4      | Found Dimim's Antique Weapon Shoppe.
  5284 | D:5      | Entered Level 5 of the Dungeon
  5293 | D:5      | Reached skill level 5 in Conjurations
  5396 | D:5      | Noticed a water moccasin
  5402 | D:5      | Killed a water moccasin
  5403 | D:5      | Reached XP level 7. HP: 30/36 MP: 6/15
  5690 | D:5      | Reached skill level 6 in Conjurations
  5705 | D:5      | Slain by a hound

Illustrated notes

Levels and vault maps discovered:
D:1:      beargit_arrival_greenhouse, layout_loops_ring
D:2:      layout_basic
D:3:      layout_loops_corners, tso_metal_star, serial_forest,
          infiniplex_forest_straight_2, infiniplex_forest_end_1,
          infiniplex_forest_end_2, infiniplex_forest_end_2,
          infiniplex_forest_straight_1, serial_shops,
          nicolae_shop_just_a_little_nook, shop, nicolae_lakefront_shop, shop
D:4:      cheibrodos_helix_gallery, layout_loops_ring, serial_shops, shop,
          portal_sewer_entry_b, minmay_fountain_box, uniq_blork_the_orc
D:5:      layout_rooms, mainiacjoe_overflow_catwalk_spiral,
          biasface_ghost_orc_armoury

Skill      XL: |  1  2  3  4  5  6  7 |
---------------+----------------------+-----
Conjurations   | 2 3 4 5 6 |  6.2
Air Magic      | 1 2 3 |  3.0
Alchemy        | 1 2 3 |  3.0
Summonings     | 2 3 4 |  4.4
Dodging        | |  2.4
Stealth        | |  2.4
Spellcasting   | |  4.4
Translocations | |  1.1

Action                     |  1- 3 |  4- 6 |  7- 9 || total
---------------------------+-------+-------+-------++-------
  Melee: Unarmed           |     1 |    14 |       ||    15
         Punch             |       |     2 |       ||     2
   Cast: Magic Dart        |    88 |   180 |    28 ||   296
         Call Imp          |     4 |    17 |     6 ||    27
         Mephitic Cloud    |       |     2 |       ||     2
    Use: Scroll            |     2 |     7 |       ||     9
         Potion            |       |     1 |       ||     1
   Stab: Confused          |       |     2 |       ||     2
 Armour: Robe              |    10 |    40 |    21 ||    71
  Dodge: Dodged            |    10 |    45 |    13 ||    68

Table legend: (Time is in decaauts)
 A = Elapsed time spent in this place.
 B = Non-inter-level travel time spent in this place.
 C = Inter-level travel time spent in this place.
 D = Time resting spent in this place.
 E = Time spent auto-exploring this place.
 F = Levels seen in this place.
 G = Mean time per level.
                   A        B        C        D        E       F      G
               +--------+--------+--------+--------+--------+-----+--------+
         Total |   5706 |   5573 |    133 |    145 |   4651 |   5 | 1141.2 |
       Dungeon |   5706 |   5573 |    133 |    145 |   4651 |   5 | 1141.2 |
               +--------+--------+--------+--------+--------+-----+--------+

Top non-repeatable levels by time:
     D:4: 1396 daAuts
     D:1: 1344 daAuts
     D:3: 1305 daAuts
     D:2: 1240 daAuts
     D:5: 420 daAuts
